 Dungeon Crawl Stone Soup version 0.25.0-11-g1f837a76a1 (webtiles) character file.

Game seed: 792569370816840263

19 kalagan the Covered (level 2, -8/19 HPs)
             Began as a Gargoyle Fighter on June 27, 2020.
             Hit by a boomerang thrown by an orc warrior (15 damage)
             ... on level 2 of the Dungeon.
             The game lasted 00:01:17 (957 turns).

kalagan the Covered (Gargoyle Fighter)               Turns: 957, Time: 00:01:18

Health: -8/19      AC:  9    Str: 19    XL:     2   Next: 75%
Magic:  2/2        EV:  7    Int:  8    God:
Gold:   28         SH:  9    Dex:  9    Spells: 1/1 levels left

rFire    . . .     SeeInvis .   a - +0 flail
rCold    . . .     Gourm    .   c - +0 kite shield
rNeg     + . .     Faith    .   b - +0 scale mail
rPois    ∞         Spirit   .   (no helmet)
rElec    +         Reflect  .   (no cloak)
rCorr    +         Harm     .   (no gloves)
MR       .....                  (no boots)
Stlth    ..........             (no amulet)
HPRegen  0.06/turn              i - ring of resist corrosion
MPRegen  0.08/turn              (no ring)

@: no status effects
A: negative energy resistance 1, electricity resistance, unbreathing,
petrification resistance, rot immunity, AC +2
a: no special abilities


You were on level 2 of the Dungeon.
You were not hungry.

You visited 1 branch of the dungeon, and saw 2 of its levels.

You collected 28 gold pieces.

Inventory:

Hand Weapons
 a - a +0 flail (weapon)
Armour
 b - a +0 scale mail (worn)
 c - a +0 kite shield (worn)
Jewellery
 i - a ring of resist corrosion (left hand)
Scrolls
 e - a scroll of enchant armour {unknown}
 g - a scroll of identify {unknown}
Potions
 d - a potion of might
 h - a potion of heal wounds {unknown}
 k - a potion of brilliance {unknown}
Comestibles
 f - 3 rations
 j - 2 chunks of flesh


   Skills:
 + Level 3.5 Fighting
 + Level 2.3 Maces & Flails
 + Level 3.6 Armour
 + Level 3.6 Shields


You had one spell level left.
You didn't know any spells.
Your spell library was empty.

Dungeon Overview and Level Annotations

Branches:
Dungeon (2/15)

Altars:


Innate Abilities, Weirdness & Mutations

You are resistant to torment.
Your stone body is resilient. (AC +2)
You are immune to poison.
You resist negative energy. (rN+)
You are resistant to electric shocks. (rElec)
You can survive without breathing.
You are immune to petrification.
You are immune to rotting.


Message History

The orc shouts!
You hear a shout!
You hear an angry hiss.
An adder comes into view.
The orc moves out of view.
An orc wizard comes into view. It is wielding a +0 dagger.
There are monsters nearby!
There are monsters nearby!
There are monsters nearby!
There are monsters nearby!
An orc comes into view. It is wielding a +0 flail.
The orc wizard shouts!
The orc shouts!
Unknown command.
The orc warrior throws a boomerang.
The boomerang hits you but does no damage.
The weapon returns to the orc warrior!
The orc warrior throws a boomerang.
The boomerang hits you!
Ouch! That really hurt!
The weapon returns to the orc warrior!
The orc warrior throws a boomerang.
The boomerang hits you!
Ouch! That really hurt!
You die...

#.# #.# # #.# #
######## #.# #
#......# #.# #
###......###.#####
#...............##
#.#......#......##
#@#......).......)
#####.#......#......##
#.....#......#......#
#.....#......########
#.....#......#
#.....####.###
.oo....# #. ....oo..#
.....o.##.#


You could see an orc warrior, an orc wizard and 2 orcs.

Vanquished Creatures
  A ball python (D:1)
  A bat (D:1)
  A giant cockroach (D:2)
  3 hobgoblins
  2 frilled lizards
  3 goblins (D:1)
  6 kobolds (D:1)
  4 rats
21 creatures vanquished.

Notes
Turn   | Place    | Note
-------+----------+-------------------------------------------
     0 | D:1      | kalagan the Gargoyle Fighter began the quest for the Orb.
     0 | D:1      | Reached XP level 1. HP: 14/14 MP: 1/1
   202 | D:1      | Reached XP level 2. HP: 5/19 MP: 2/2
   953 | D:2      | Noticed an orc warrior
   957 | D:2      | Hit by a boomerang thrown by an orc warrior

Illustrated notes

Levels and vault maps discovered:
D:1:      minmay_arrival_arboretum_small, layout_basic, hangedman_decor_lopped
D:2:      layout_basic, minmay_fountain_box, kennysheep_generic_room_16

Action                   || total
-------------------------++-------
Melee: Flail             ||    57
Armor: Scale mail        ||    24
Dodge: Dodged            ||    15
Block: Kite shield       ||    20
